 Dungeon Crawl Stone Soup version 0.32-a0-599-gba8f9cf90e (webtiles) character file.

Game seed: 7619507382296729941

19 runemasterragnar the Ruffian (level 2, 0/23 HPs)
             Began as a Draconian Shapeshifter on Mar 2, 2024.
             Slain by a gnoll
             ... wielding a +0 club
              (7 damage)
             ... on level 1 of the Dungeon.
             The game lasted 00:00:30 (178 turns).

runemasterragnar the Ruffian (DrSh)                  Turns: 178, Time: 00:00:30

Health: 0/23       AC:  4    Str: 16    XL:     2   Next: 55%
Magic:  2/2        EV: 12    Int: 10    God:
Gold:   0          SH:  0    Dex: 10    Spells: 1/1 levels left

rFire   . .          .
                       - Unarmed
rCold   . . .        (no shield)
rNeg    . . .        (body armour unavailable)
rPois   .            (helmet currently unavailable)
rElec   .            (cloak currently unavailable)
rCorr   .            (gloves currently unavailable)
SInv    .            (boots currently unavailable)
Will    .....        (no amulet)
Stlth   +            (no ring)
HPRegen 0.23/turn    (no ring)
MPRegen 0.08/turn

%: no passive effects
@: beast-form
A: beast (slay +1), AC +4, unfitting armour, cold-blooded
a: Begin Untransformation


You were on level 1 of the Dungeon.
You were a hulking beast.
You visited 1 branch of the dungeon, and saw 1 of its levels.

Inventory:

Talismans
 b - a beast talisman (active)
 c - a flux talisman
 d - a serpent talisman
Scrolls
 e - a scroll of identify {unknown}
Potions
 a - a potion of lignification


   Skills:
 + Level 1.4 Fighting
 + Level 1.9 Dodging
 * Level 3.3 Unarmed Combat
 * Level 3.2 Shapeshifting


You had one spell level left.
You didn't know any spells.
Your spell library was empty.

Dungeon Overview and Level Annotations

Branches:
Dungeon (1/15)

Altars:


Innate Abilities, Weirdness & Mutations

You are a hulking beast.
Your limbs bulge with bestial killing power. (Slay +1)
Your plain brown scales are hard. (AC +4)
You cannot fit into any form of body armour.
You are cold-blooded and may be slowed by cold attacks.


Message History

You see here a jackal corpse.
You see here a +0 club.
An endoplasm comes into view.
The endoplasm quivers.
An endoplasm is nearby!
An endoplasm is nearby!
An endoplasm is nearby!
The endoplasm hits you but does no damage.
You hit the endoplasm.
You kill the endoplasm!
No target in view!
No target in view!
No target in view!
Key pressed, stopping explore.
No target in view!
A gnoll comes into view. It is wielding a +0 club.
A goblin and a kobold come into view.
The goblin shouts!
The kobold shouts!
You hear a shout! x2
A kobold comes into view. It is wielding a +0 dagger.
There are monsters nearby!
A frilled lizard comes into view.
Found a robe.
The frilled lizard moves out of view.
An endoplasm comes into view.
Found 2 boomerangs.
The gnoll barely misses you. The kobold hits you but does no damage.
Unknown command.
The goblin barely misses you.
The endoplasm quivers.
The gnoll attacks as it pursues you! The gnoll hits you with a +0 club.
The gnoll attacks as it pursues you! The gnoll hits you but does no damage.
Okay, then.
You closely miss the gnoll. The gnoll hits you with a +0 club.
You hit the gnoll but do no damage. Your punch misses the gnoll.
The gnoll hits you with a +0 club.
You closely miss the gnoll. The gnoll hits you with a +0 club.
You hit the gnoll but do no damage. The gnoll hits you with a +0 club.
You hit the gnoll. You punch the gnoll!
The gnoll is severely wounded.
The gnoll hits you with a +0 club!
You die...

.. ##.....##... ..
............ #.#
........... #..##
#.........l#
#.†##.........KJ#
##.#.......####K#
#...##..# #g#
###.....(.# #g#
#....##.### ##h#
...).#..# #..#
..#..#.# ##.##
##†).#.# ##..#
##.#.#.### #..##
##†#.....# ##.##
##.##.##.# #..#
#..##.##.###.#####
..##..##.........#


You could see a gnoll, an endoplasm, a goblin, 2 kobolds and a frilled lizard.

Vanquished Creatures
  A dart slug (D:1)
  2 endoplasms (D:1)
  A goblin (D:1)
  A hobgoblin (D:1)
  4 jackals (D:1)
  A kobold (D:1)
  A quokka (D:1)
  A ball python (D:1)
  2 rats (D:1)
14 creatures vanquished.

Vanquished Creatures (others)
  A bat (D:1)
1 creature vanquished.

Grand Total: 15 creatures vanquished

Notes
Turn   | Place    | Note
-------+----------+-------------------------------------------
     0 | D:1      | runemasterragnar the Draconian Shapeshifter began the quest
                  | for the Orb.
     0 | D:1      | Reached XP level 1. HP: 16/16 MP: 1/1
    89 | D:1      | Reached XP level 2. HP: 23/23 MP: 2/2
   178 | D:1      | Slain by a gnoll

Illustrated notes

Levels and vault maps discovered:
D:1:      lightli_arrival_boilingwater, layout_rooms

Action                     || total
---------------------------++-------
  Melee: Unarmed           ||    33
         Tailslap          ||     6
         Punch             ||     1
 Armour: Skin              ||    39
  Dodge: Dodged            ||    31

Table legend: (Time is in decaauts)
 A = Elapsed time spent in this place.
 B = Non-inter-level travel time spent in this place.
 C = Inter-level travel time spent in this place.
 D = Time resting spent in this place.
 E = Time spent auto-exploring this place.
 F = Levels seen in this place.
 G = Mean time per level.
                   A        B        C        D        E       F      G
               +--------+--------+--------+--------+--------+-----+--------+
         Total |    177 |    177 |      0 |      0 |     81 |   1 |  177.0 |
       Dungeon |    177 |    177 |      0 |      0 |     81 |   1 |  177.0 |
               +--------+--------+--------+--------+--------+-----+--------+

Top non-repeatable levels by time:
     D:1: 177 daAuts
